 Dungeon Crawl Stone Soup version 0.24.1-8-ga250c9d538 (webtiles) character file.

Game seed: 16062724076341209006, levelgen mode: deterministic

583 lepoulpe303 the Magician (level 7, -5/36 HPs)
             Began as a Deep Elf Fire Elementalist on Apr 29, 2020.
             Was a Follower of Vehumet.
             Slain by an ice beast (9 damage)
             ... on level 5 of the Dungeon.
             The game lasted 00:23:35 (5494 turns).

lepoulpe303 the Magician (DEFE)                     Turns: 5494, Time: 00:23:36

Health: -5/36      AC:  2    Str: 10    XL:     7   Next: 14%
Magic:  13/17      EV: 14    Int: 22    God:    Vehumet [*.....]
Gold:   182        SH:  0    Dex: 15    Spells: 2/16 levels left

rFire    . . .     SeeInvis .   c - +1 dagger
rCold    . . .     Gourm    .   (no shield)
rNeg     . . .     Faith    .   a - +0 robe
rPois    +         Spirit   .   (no helmet)
rElec    .         Reflect  .   (no cloak)
rCorr    .         Harm     .   (no gloves)
MR       .....                  (no boots)
Stlth    +++.......             s - amulet of magic regeneration
HPRegen  0.12/turn              f - +5 ring of strength
MPRegen  0.40/turn              P - ring of poison resistance

@: very slightly contaminated
A: no striking features
a: Renounce Religion


You were on level 5 of the Dungeon.
You worshipped Vehumet.
Vehumet was aware of your devotion.
You were not hungry.

You visited 2 branches of the dungeon, and saw 6 of its levels.
You also visited: Sewer.

You collected 182 gold pieces.

Inventory:

Hand Weapons
 c - a +1 dagger (weapon)
Missiles
 g - 17 poisoned darts (quivered)
Armour
 a - a +0 robe (worn)
Jewellery
 f - a +5 ring of strength (left hand)
 l - an uncursed amulet of harm
 m - an uncursed ring of protection from magic
 s - an amulet of magic regeneration (around neck)
 P - a ring of poison resistance (right hand)
Scrolls
 i - a scroll of identify
 j - a scroll of enchant weapon
 k - a scroll of enchant armour {unknown}
 o - a scroll of amnesia
 p - a scroll of immolation {unknown}
 q - a scroll of noise {unknown}
 t - a scroll of teleportation
 w - 6 scrolls of remove curse
 y - a scroll of fog {unknown}
 B - a scroll of magic mapping {unknown}
Potions
 d - 3 potions of haste {unknown}
 h - 4 potions of curing {unknown}
 n - a potion of degeneration {unknown}
 r - 2 potions of agility {unknown}
 u - 3 potions of flight {unknown}
 v - a potion of invisibility {unknown}
 x - a potion of might {unknown}
 z - 3 potions of brilliance {unknown}
 A - 6 potions of heal wounds {unknown}
 C - a potion of magic {unknown}
Comestibles
 b - 4 chunks of flesh
 e - 6 rations


   Skills:
 + Level 2.0 Short Blades
 + Level 3.6 Dodging
 * Level 5.0 Stealth
 * Level 5.4 Spellcasting
 * Level 3.8 Conjurations
 * Level 4.9 Fire Magic


You had 2 spell levels left.
You knew the following spells:

 Your Spells              Type           Power        Failure   Level  Hunger
a - Flame Tongue          Conj/Fire      ####.        1%          1    None
b - Inner Flame           Hex/Fire       ###.....     11%         3    ##.....
c - Conjure Flame         Conj/Fire      ####....     4%          3    ##.....
d - Shock                 Conj/Air       ##..         4%          1    None
s - Sticky Flame          Conj/Fire      ####....     16%         4    ####...
x - Throw Flame           Conj/Fire      ####..       2%          2    None

Your spell library contained the following spells:

 Spells                   Type           Power        Failure   Level  Hunger
 Fireball                 Conj/Fire      ####......   41%         5    #####..


Dungeon Overview and Level Annotations

Branches:
Dungeon (5/15)             Temple (1/1) D:4           Sewer (visited)

Altars:
Fedhas
Gozag
Makhleb
Nemelex Xobeh
Qazlal
Uskayaw
Vehumet
Wu Jian
The Shining One


Message History

Aim: an ice beast (moderately wounded)
The flame tongue hits the ice beast!
The ice beast melts!
The ice beast hits you. The ice beast freezes you!
* * * LOW HITPOINT WARNING * * *
You take 15 damage, and have 21/36 hp.
MASSIVE DAMAGE!!
Aim: an ice beast (heavily wounded)
The flame tongue hits the ice beast!
The ice beast melts!
The ice beast hits you.
* * * LOW HITPOINT WARNING * * *
The ice beast freezes you!
* * * LOW HITPOINT WARNING * * *
You take 14 damage, and have 7/36 hp.
MASSIVE DAMAGE!!
You now have 13/17 mp.
Aim: an ice beast (almost dead)
The flame tongue misses the ice beast.
The ice beast hits you.
* * * LOW HITPOINT WARNING * * *
The ice beast freezes you!
You die...

##. #. ## # ###### ####
####..#.######..#
##..#............#
####....##..##...[...
#..Y@..........##.##.
#..........#.....[...
....#.........##....#...
... ##...........##.#..≈
. #......#######..#.≈≈
.?.#..### ###≈≈≈≈
....#... ##### ........
##.....


You could see an ice beast.

Levels and vault maps discovered:
D:1:      nagdon_arrival_zigzag_paths, layout_loops_ring
D:2:      layout_loops_ring, nicolae_overflow_hidden_temple, first_ration
D:3:      layout_rooms, grunt_temple_overflow_forces_of_nature,
          marbit_many_paths
D:4:      layout_loops_corners, nicolae_overflow_crystal_walls,
          minmay_temple_entry_stoned_glass
D:5:      cheibrodos_thug_alley, layout_cave_pools, gup_sewer_entry_pipe,
          serial_shops, nicolae_shop_behind_doors
Temple:   zaba_magenta_temple

Notes
Turn   | Place    | Note
-------+----------+-------------------------------------------
     0 | D:1      | lepoulpe303 the Deep Elf Fire Elementalist began the quest
                  | for the Orb.
     0 | D:1      | Reached XP level 1. HP: 10/10 MP: 6/6
    28 | D:1      | Identified a +0 dagger
   191 | D:1      | Reached XP level 2. HP: 14/15 MP: 4/8
   196 | D:1      | Identified a +0 leather armour
   474 | D:1      | Identified a +0 whip
   818 | D:1      | Identified a +0 club
  1009 | D:1      | Identified a +0 halberd
  1032 | D:1      | Reached XP level 3. HP: 19/19 MP: 7/10
  1036 | D:1      | Learned a level 2 spell: Throw Flame
  1040 | D:1      | Learned a level 3 spell: Conjure Flame
  1208 | D:2      | Reached skill level 3 in Stealth
  1208 | D:2      | Reached skill level 2 in Conjurations
  1282 | D:2      | Identified a +0 club
  1326 | D:2      | Identified a +0 whip
  1430 | D:2      | Reached XP level 4. HP: 24/24 MP: 1/11
  1515 | D:2      | Learned a level 3 spell: Inner Flame
  1650 | D:2      | Identified a +0 dagger
  1677 | D:2      | Reached skill level 4 in Spellcasting
  1949 | D:2      | Identified 3 scrolls of identify
  1949 | D:2      | Identified an amulet of harm (You found it on level 2 of
                  | the Dungeon)
  1950 | D:2      | Identified a ring of strength (You found it on level 1 of
                  | the Dungeon)
  1965 | D:2      | Identified a +0 short sword
  2079 | D:2      | Reached skill level 1 in Short Blades
  2079 | D:2      | Reached skill level 4 in Fire Magic
  2137 | D:2      | Identified a +0 dagger
  2138 | D:2      | Identified a +0 short sword
  2141 | D:2      | Identified a +0 club
  2186 | D:2      | Found an opulent altar of Gozag.
  2500 | D:3      | Identified a +0 short sword
  2500 | D:3      | Identified an uncursed amulet of magic regeneration
  2511 | D:3      | Found a stormy altar of Qazlal.
  2518 | D:3      | Found a blossoming altar of Fedhas.
  2535 | D:3      | Reached XP level 5. HP: 28/28 MP: 9/13
  2546 | D:3      | Identified a +0 hand axe
  2546 | D:3      | Identified a +0 scale mail
  2638 | D:3      | Identified a +0 trident
  2714 | D:3      | Reached skill level 3 in Dodging
  2758 | D:3      | Found a burning altar of Makhleb.
  3006 | D:3      | Identified 4 scrolls of remove curse
  3007 | D:3      | Identified a ring of protection from magic (You found it on
                  | level 2 of the Dungeon)
  3059 | D:4      | Found a sparkling altar of Nemelex Xobeh.
  3072 | D:4      | Identified a cursed +0 club
  3106 | D:4      | Found a staircase to the Ecumenical Temple.
  3132 | Temple   | Entered the Ecumenical Temple
  3136 | Temple   | Became a worshipper of Vehumet
  3395 | D:4      | Reached skill level 4 in Stealth
  3395 | D:4      | Reached skill level 3 in Conjurations
  3796 | D:4      | Reached XP level 6. HP: 25/32 MP: 10/15
  3802 | D:4      | Learned a level 4 spell: Sticky Flame
  4148 | D:5      | Entered Level 5 of the Dungeon
  4158 | D:5      | Identified a ring of poison resistance (You found it on
                  | level 5 of the Dungeon)
  4266 | D:5      | Found a glowing drain.
  4351 | Sewer    | Entered a sewer
  4535 | Sewer    | Identified a +0 whip
  4607 | Sewer    | Reached * piety under Vehumet
  4607 | Sewer    | Offered knowledge of Shock by Vehumet.
  4771 | Sewer    | Learned a level 1 spell: Shock
  4783 | Sewer    | Identified a +0 club
  4800 | Sewer    | Reached skill level 5 in Spellcasting
  4983 | Sewer    | Identified a +0 whip
  4983 | Sewer    | Identified a +0 club
  4983 | Sewer    | Identified a +0 club
  4983 | Sewer    | Identified a cursed -2 short sword
  4983 | Sewer    | Identified a +0 whip
  5126 | Sewer    | Identified a +0 whip
  5126 | Sewer    | Identified a +1 whip of electrocution
  5126 | Sewer    | Identified a +0 short sword
  5126 | Sewer    | Identified a +0 dagger
  5352 | Sewer    | Identified 2 scrolls of amnesia
  5353 | Sewer    | Identified 2 scrolls of teleportation
  5357 | Sewer    | Identified 2 scrolls of enchant weapon
  5408 | D:5      | Identified a +0 giant club
  5417 | D:5      | Reached skill level 2 in Short Blades
  5417 | D:5      | Reached skill level 5 in Stealth
  5417 | D:5      | Reached XP level 7. HP: 36/36 MP: 9/17
  5493 | D:5      | HP: 7/36 [ice beast (12)]
  5494 | D:5      | Slain by an ice beast

Table legend:
 A = Turns spent in this place as a percentage of turns spent in the entire game.
 B = Non-inter-level travel turns spent in this place as a percentage of non-inter-level travel turns spent in the entire game.
 C = Inter-level travel turns spent in this place as a percentage of turns spent in this place.
 D = Turns resting spent in this place as a percentage of non-inter-level travel turns spent in this place.
 E = Turns spent auto-exploring this place as a percentage of non-inter-level travel turns spent in this place.
 F = Non-inter-level travel turns spent in this place divided by the number of levels of this place that you've seen.
                   A       B       C       D       E      F
               +-------+-------+-------+-------+-------+----------------------
         Total | 100.0 | 100.0 |   1.9 |  32.7 |  46.5 | 770.3
       Dungeon |  81.1 |  80.7 |   2.3 |  31.6 |  51.1 | 870.6
        Temple |   0.2 |   0.2 |   0.0 |   0.0 |   0.0 |   9.0
         Sewer |  18.7 |  19.1 |   0.0 |  37.9 |  27.4 | 1030.0
               +-------+-------+-------+-------+-------+----------------------

Table legend:
 A = Kills in this place as a percentage of kills in entire the game.
 B = Kills by you in this place as a percentage of kills by you in the entire game.
 C = Kills by friends in this place as a percentage of kills by friends in the entire game.
 D = Other kills in this place as a percentage of other kills in the entire game.
 E = Experience gained in this place as a percentage of experience gained in the entire game.
 F = Experience gained in this place divided by the number of levels of this place that you have seen.
                   A       B       C       D       E      F
               +-------+-------+-------+-------+-------+----------------------
         Total | 100.0 | 100.0 |   N/A |   N/A | 100.0 | 119.0
       Dungeon |  67.3 |  67.3 |   N/A |   N/A |  71.4 | 119.0
         Sewer |  32.7 |  32.7 |   N/A |   N/A |  28.6 | 238.0
               +-------+-------+-------+-------+-------+----------------------

Skill      XL: |  1  2  3  4  5  6 |
---------------+-------------------+-----
Stealth        | 3 4 5 |  5.0
Conjurations   | 2 3 |  3.8
Spellcasting   | 4 5 |  5.4
Short Blades   | 1 2 |  2.0
Fire Magic     | 4 |  4.9
Dodging        | 3 |  3.6

Action                   |  1- 3 |  4- 6 |  7- 9 || total
-------------------------+-------+-------+-------++-------
Melee: Dagger            |    29 |    85 |     3 ||   117
Throw: Dart              |    17 |       |       ||    17
 Cast: Flame Tongue      |    25 |   128 |     5 ||   158
       Throw Flame       |    13 |    51 |     1 ||    65
       Conjure Flame     |       |     1 |       ||     1
       Inner Flame       |       |     1 |       ||     1
  Use: Scroll            |       |     6 |       ||     6
 Stab: Sleeping          |     3 |     2 |       ||     5
  Eat: Chunk             |     2 |    12 |     1 ||    15
Armor: Robe              |     6 |    13 |       ||    19
Dodge: Dodged            |    31 |    82 |     5 ||   118

Vanquished Creatures
  An ogre (D:5)
  A big kobold (Sewer)
  A scorpion (D:4)
  A hound (D:4)
  A jelly (D:5)
  A worker ant (D:4)
  A hound skeleton (D:4)
  A gnoll (D:1)
  10 adders
  5 river rats (Sewer)
  2 oozes
  A worm (D:4)
  7 leopard geckos
  3 orcs
  10 giant cockroaches
  6 goblins
  7 hobgoblins
  3 jackals (D:4)
  27 kobolds
  3 quokkas
  9 ball pythons
  11 bats
  6 frilled lizards
  A jackal skeleton (D:4)
  A quokka skeleton (D:5)
  A quokka zombie (D:4)
  26 rats
147 creatures vanquished.
